 Dungeon Crawl Stone Soup version 0.27-a0-1273-gec92ba881d (webtiles) character file.

Game seed: 9770482561077395489

124 deletemesenpai the Skirmisher (level 5, 0/46 HPs)
             Began as a Hill Orc Fighter on June 11, 2021.
             Killed from afar by Ijyb (5 damage)
             ... with an iceblast
             ... on level 3 of the Dungeon.
             The game lasted 00:06:14 (2206 turns).

deletemesenpai the Skirmisher (Hill Orc Fighter)    Turns: 2206, Time: 00:06:20

Health: 0/46       AC:  8    Str: 20    XL:     5   Next: 8%
Magic:  5/5        EV:  8    Int:  8    God:
Gold:   104        SH:  9    Dex: 10    Spells: 4/4 levels left

rFire    . . .     SeeInvis +   u - +2 spear (vamp)
rCold    . . .     Faith    .   c - +0 kite shield
rNeg     . . .     Spirit   .   b - +0 scale mail
rPois    .         Reflect  .   i - +1 hat
rElec    .         Harm     .   (no cloak)
rCorr    .         Rampage  .   (no gloves)
Will     .....                  (no boots)
Stlth    ..........             (no amulet)
HPRegen  0.15/turn              g - ring of see invisible
MPRegen  0.09/turn              (no ring)

@: unable to read, flying
A: claws 1, inability to read while threatened, sturdy frame 1
a: no special abilities


You were on level 3 of the Dungeon.
You visited 1 branch of the dungeon, and saw 3 of its levels.

You collected 104 gold pieces.

Inventory:

Hand Weapons
 a - a +0 war axe
 n - a +2 whip of freezing
 u - a +2 vampiric spear (weapon)
Missiles
 o - 12 poisoned darts (quivered)
 p - a throwing net
 v - 8 atropa-tipped darts
Armour
 b - a +0 scale mail (worn)
 c - a +0 kite shield (worn)
 i - a +1 hat (worn)
 r - a +0 helmet
Jewellery
 g - a ring of see invisible (left claw)
Scrolls
 h - 3 scrolls of noise {unknown}
 q - a scroll of holy word {unknown}
 s - 2 scrolls of teleportation {unknown}
Potions
 e - a potion of flight
 f - a potion of lignification {unknown}
 j - a potion of degeneration {unknown}
 k - a potion of brilliance {unknown}
 l - a potion of ambrosia {unknown}
 m - 2 potions of might
 t - 2 potions of invisibility {unknown}


   Skills:
 + Level 4.3 Fighting
 + Level 4.3(4.4) Axes
 + Level 0.5(2.2) Polearms
 + Level 4.2 Armour
 + Level 4.1 Shields


You had 4 spell levels left.
You didn't know any spells.
Your spell library was empty.

Dungeon Overview and Level Annotations

Branches:
Dungeon (3/15)

Altars:
Gozag

Annotations:
D:3 Ijyb


Innate Abilities, Weirdness & Mutations

You have sharp fingernails.
You sometimes lose the ability to read scrolls when taking damage.
Your movements are slightly less encumbered by armour. (ER -2)


Message History

You block the orc's attack.
Ijyb screams, "No!
No, no, no, no!"
Ijyb hits you with a +5 spectral club.
You hit Ijyb.
Ijyb is moderately wounded.
Ijyb closely misses you. The orc hits you with a +0 war axe.
Your shield prevents you from hitting Ijyb.
Ijyb is moderately wounded.
The orc hits you with a +0 war axe! Ijyb hits you with a +5 spectral club.
* * * LOW HITPOINT WARNING * * *
You hit Ijyb but do no damage.
Ijyb is moderately wounded.
Ijyb barely misses you. You block the orc's attack. Ijyb barely misses you.
You block the orc's attack.
You completely miss Ijyb.
Ijyb is lightly wounded.
You block the orc's attack. Ijyb hits you with a +5 spectral club.
* * * LOW HITPOINT WARNING * * *
You barely miss Ijyb.
Ijyb is lightly wounded.
The orc hits you with a +0 war axe.
* * * LOW HITPOINT WARNING * * *
Ijyb hits you with a +5 spectral club.
* * * LOW HITPOINT WARNING * * *
Press: ? - help, v - describe, . - travel
Here: Ijyb, wielding a +5 spectral club, wearing a +0 leather armour and carrying a wand of iceblast (5) (lightly wounded)
The floor.
It was a potion of mutation.
You feel extremely strange.
You lose the ability to read scrolls when threatened.
Your fingernails lengthen.
You feel less encumbered by your armour.
The orc closely misses you.
It was a potion of flight.
You feel very buoyant.
You fly up into the air.
Ijyb zaps a wand.
The mass of ice explodes!
The iceblast engulfs the orc!
The orc dies!
The iceblast engulfs you.
You feel threatened and lose the ability to read scrolls!
You die...

...## #...##.# ##.#
#...##.# #.#
######...##.### #.#
#......♣..8..8# #.#
#.............#
#.###..........g..#
##.......∩..∩..∩...#
...##...........)..#
######..........@..#
#♣..♣.)∩..∩..∩..#
#...............#
#..÷............#
######∩.._..∩..8..8#.#
.....).............#.#
.####............... .
.# ##8..∩..♣..8..... .
.# ###########..


You could see Ijyb.

Vanquished Creatures
  8 gnolls
  A worm (D:2)
  A dart slug (D:3)
  5 ball pythons
  5 bats
  3 endoplasms
  3 goblins
  3 hobgoblins
  4 jackals (D:3)
  2 quokkas
  7 kobolds
  4 rats
46 creatures vanquished.

Vanquished Creatures (others)
  An orc (D:3)
1 creature vanquished.

Grand Total: 47 creatures vanquished

Notes
Turn   | Place    | Note
-------+----------+-------------------------------------------
     0 | D:1      | deletemesenpai the Hill Orc Fighter began the quest for the
                  | Orb.
     0 | D:1      | Reached XP level 1. HP: 19/19 MP: 1/1
   154 | D:1      | Reached XP level 2. HP: 27/27 MP: 2/2
   972 | D:2      | Found an opulent altar of Gozag.
  1006 | D:2      | Reached XP level 3. HP: 17/33 MP: 3/3
  1012 | D:2      | Reached XP level 4. HP: 4/40 MP: 4/4
  1904 | D:3      | Found a faded altar of an unknown god.
  2062 | D:3      | Reached XP level 5. HP: 26/46 MP: 5/5
  2179 | D:3      | Noticed Ijyb
  2199 | D:3      | Gained mutation: You sometimes lose the ability to read
                  | scrolls when taking damage. [potion of mutation]
  2199 | D:3      | Gained mutation: You have sharp fingernails. [potion of
                  | mutation]
  2199 | D:3      | Gained mutation: Your movements are slightly less
                  | encumbered by armour. (ER -2) [potion of mutation]
  2206 | D:3      | Killed from afar by Ijyb

Illustrated notes

Levels and vault maps discovered:
D:1:      dpeg_arrival_simpleton_c, layout_basic
D:2:      layout_loops_ring, basic_altar
D:3:      layout_basic, hellmonk_ecumenical_altar_arch_garden, st_stairs_8,
          kennysheep_generic_room_13, uniq_ijyb

Skill      XL: |  1  2  3  4 |
---------------+-------------+-----
Axes           | 3 4 |  4.3
Fighting       | 4 |  4.3
Armour         | 4 |  4.2
Shields        | 4 |  4.1
Polearms       | |  0.5

Action                   |  1- 3 |  4- 6 || total
-------------------------+-------+-------++-------
Melee: War axe           |    63 |    51 ||   114
       Spear             |       |    28 ||    28
  Use: Potion            |     1 |     2 ||     3
Armor: Scale mail        |    48 |    39 ||    87
Dodge: Dodged            |    22 |    41 ||    63
Block: Kite shield       |    52 |    60 ||   112

Table legend: (Time is in decaauts)
 A = Elapsed time spent in this place.
 B = Non-inter-level travel time spent in this place.
 C = Inter-level travel time spent in this place.
 D = Time resting spent in this place.
 E = Time spent auto-exploring this place.
 F = Levels seen in this place.
 G = Mean time per level.
                   A        B        C        D        E       F      G
               +--------+--------+--------+--------+--------+-----+--------+
         Total |   2273 |   2273 |      0 |    282 |   1381 |   3 |  757.7 |
       Dungeon |   2273 |   2273 |      0 |    282 |   1381 |   3 |  757.7 |
               +--------+--------+--------+--------+--------+-----+--------+

Top non-repeatable levels by time:
     D:2: 1001 daAuts
     D:1: 892 daAuts
     D:3: 379 daAuts
